 Dungeon Crawl Stone Soup version 0.27-a0-520-gb83adbd1c9 (webtiles) character file.

Game seed: 9064938340275800811

3959 Gaff the Covert (level 10, -15/66 HPs)
             Began as an Octopode Brigand on Mar 4, 2021.
             Was a Follower of Uskayaw.
             Demolished by a troll (18 damage)
             ... on level 9 of the Dungeon.
             The game lasted 00:30:31 (11310 turns).

Gaff the Covert (Octopode Brigand)                 Turns: 11310, Time: 00:30:31

Health: -15/66     AC:  5    Str: 11    XL:     10   Next: 22%
Magic:  13/13      EV: 18    Int: 14    God:    Uskayaw [*.....]
Gold:   523        SH:  5    Dex: 16    Spells: 9/9 levels left

rFire    . . .     SeeInvis .   b - +1 short sword (speed)
rCold    . . .     Faith    .   (no shield)
rNeg     . . .     Spirit   .   (helmet restricted)
rPois    .         Reflect  +   r - amulet of reflection
rElec    .         Harm     .   A - +4 ring of protection
rCorr    .         Rampage  .   (no ring)
Will     .....                  (no ring)
Stlth    +++++.....             (no ring)
HPRegen  0.21/turn              (no ring)
MPRegen  0.13/turn              (no ring)
                                (no ring)
                                (no ring)

@: about to teleport
A: almost no armour, stealthy swim, amphibious, 8 rings, constrict 8, camouflage
1, gelatinous body 1
a: Renounce Religion, Stomp


You were on level 9 of the Dungeon.
You worshipped Uskayaw.
Uskayaw was noncommittal.
You visited 2 branches of the dungeon, and saw 11 of its levels.
You also visited: Ossuary.

You collected 523 gold pieces.

Inventory:

Hand Weapons
 a - a +1 dagger of venom
 b - a +1 short sword of speed (weapon)
 e - a +2 dagger
 o - a +0 dagger of flaming
 w - a +1 hand axe of venom
 G - a +2 mace of protection
 I - a +2 whip of holy wrath
Missiles
 c - 2 curare-tipped darts
 u - 13 poisoned darts (quivered)
 y - 10 atropa-tipped darts
Jewellery
 r - an amulet of reflection (around mantle)
 A - a +4 ring of protection (left tentacle)
 J - an amulet of faith
Wands
 l - a wand of digging (6)
 F - a wand of mindburst (20)
 H - a wand of iceblast (10)
 K - a wand of flame (14)
Scrolls
 f - 4 scrolls of teleportation
 g - 2 scrolls of random uselessness
 h - 5 scrolls of fear
 i - 2 scrolls of blinking {unknown}
 j - 4 scrolls of amnesia
 k - 4 scrolls of enchant armour
 n - 4 scrolls of enchant weapon
 B - 2 scrolls of holy word
 D - 3 scrolls of immolation
 E - a scroll of magic mapping
Potions
 d - a potion of attraction
 m - 3 potions of curing
 p - 5 potions of heal wounds
 q - a potion of resistance
 s - a potion of lignification
 t - a potion of magic {unknown}
 v - a potion of brilliance
 x - 2 potions of haste
 z - 3 potions of mutation
 C - a potion of cancellation


   Skills:
 + Level 5.4 Fighting
 + Level 8.7 Short Blades
 - Level 2.4 Throwing
 * Level 7.2 Dodging
 - Level 10.0 Stealth
 + Level 1.4 Shields
 * Level 4.4 Invocations


You had 9 spell levels left.
You didn't know any spells.
Your spell library was empty.

Dungeon Overview and Level Annotations

Branches:
Dungeon (10/15)            Temple (1/1) D:4             Orc (0/2) D:9
Ossuary (visited)
   Lair: D:8-11

Altars:
Ashenzari
Cheibriados
Dithmenos
Elyvilon
Fedhas
Gozag
Hepliaklqana
Kikubaaqudgha
Makhleb
Nemelex Xobeh
Okawaru
Qazlal
Ru
Sif Muna
Trog
Uskayaw
Vehumet
Wu Jian
Xom
Yredelemnul
Zin
The Shining One

Annotations:
D:6 Eustachio


Innate Abilities, Weirdness & Mutations

You cannot wear most types of armour.
You are very stealthy in the water. (Stealth+)
You are amphibious.
You can wear up to eight rings at the same time.
You can use your tentacles to constrict eight enemies at once.
Your skin changes colour to match your surroundings (Stealth+).
Your rubbery body absorbs attacks. (AC +1, EV +1)


Message History

Reactivating autopickup.
Found a war axe.
There is a stone staircase leading up here.
You open the door.
You hear a distant slurping noise.
There is an open door here.
You open the door.
There is an open door here.
You open the door.
A troll comes into view.
You hear a distant slurping noise.
The troll shouts!
You hit the troll.
The troll is lightly wounded.
The troll bites you. The troll misses you. The troll claws you!
You hit the troll. You squeeze the troll.
The troll is moderately wounded.
You puncture the troll! You squeeze the troll.
The troll is heavily wounded.
You hit the troll. Your squeeze misses the troll.
The troll is heavily wounded.
The troll bites you!! The troll claws you! The troll misses you.
You can now pass through a line of other dancers.
You hit the troll.
The troll is heavily wounded.
The troll misses you. You block the troll's attack.
The troll claws you but does no damage.
You can no longer pass through a line of other dancers.
There is a stone staircase leading up here.
You climb upwards.
There is a stone staircase leading down here.
You open the door. The troll bites you but does no damage. The troll claws you!
* * * LOW HITPOINT WARNING * * *
The troll closely misses you. You block the troll's attack.
The troll barely misses you. The troll claws you!
* * * LOW HITPOINT WARNING * * *
There is an open door, spattered with blood here.
As you read the scroll of teleportation, it crumbles to dust.
You feel strangely unstable. The troll bites you!!
You die...

...#.....#......####.............
...#.....#.........#.............
...#.....#.........#.............
...#######.........#....######...
..................>#....# #...
...................#....# #...
...#######.........#....# #...
...#.....#.........#....# #...
...'.....#.....#@###....# #...
...#.....#.....#T.......# #...
...#.....#.....#........# #...
...#.....#.....#........# #...
...#.....#.....####.....# #...
...#.....#........#.....######...
...#.....#........#..............
...#####'#........#..............
..................########'######


You could see a troll.

Vanquished Creatures
  A two-headed ogre (D:4)
  Grinder (D:6)
  Prince Ribbit (D:6)
  Sigmund (D:2)
  A sky beast (D:9)
  An ice beast (D:9)
  3 ogres
  A black bear (D:7)
  4 centaurs
  2 bullfrogs (D:7)
  A wyvern skeleton (D:8)
  3 scorpions
  3 killer bees (D:8)
  A centaur zombie (Ossuary)
  A bullfrog zombie (D:7)
  5 hounds
  A human zombie (Ossuary)
  9 orc priests
  A bullfrog skeleton (D:5)
  A jelly (D:9)
  Jessica (D:3)
  8 orc wizards
  Terence (D:3)
  10 worker ants
  A hound zombie (D:7)
  3 mummies
  Robin (D:2)
  A howler monkey zombie (D:6)
  2 worker ant zombies
  A gnoll (D:1)
  8 adders
  3 shadow imps
  2 white imps
  An ooze (D:5)
  An adder skeleton (D:5)
  2 adder zombies
  3 dart slugs
  2 worms
  36 orcs
  2 ball pythons
  7 bats
  6 giant cockroaches
  16 goblins
  5 hobgoblins
  24 jackals
  2 quokkas
  A frilled lizard (D:4)
  A goblin zombie (Ossuary)
  13 hobgoblin zombies (Ossuary)
  A jackal skeleton (D:4)
  3 jackal zombies (Ossuary)
  3 kobolds
  11 kobold zombies (Ossuary)
  A leopard gecko skeleton (D:7)
  A leopard gecko zombie (D:6)
  6 orc zombies (Ossuary)
  7 rats
239 creatures vanquished.

Vanquished Creatures (others)
  An orc (D:7)
  4 plants (D:7)
5 creatures vanquished.

Grand Total: 244 creatures vanquished

Notes
Turn   | Place    | Note
-------+----------+-------------------------------------------
     0 | D:1      | Gaff the Octopode Brigand began the quest for the Orb.
     0 | D:1      | Reached XP level 1. HP: 14/14 MP: 1/1
   365 | D:1      | Reached XP level 2. HP: 14/19 MP: 2/2
  1066 | D:1      | Reached skill level 6 in Stealth
  1066 | D:1      | Reached XP level 3. HP: 24/24 MP: 3/3
  1524 | D:2      | Noticed Sigmund
  1531 | D:2      | Killed Sigmund
  1532 | D:2      | Reached skill level 8 in Stealth
  1532 | D:2      | Reached XP level 4. HP: 30/30 MP: 4/4
  1532 | D:2      | Reached XP level 5. HP: 35/35 MP: 5/5
  1618 | D:2      | Noticed Robin
  1684 | D:2      | Killed Robin
  1861 | D:2      | Reached XP level 6. HP: 41/41 MP: 6/6
  2175 | D:2      | Found a faded altar of an unknown god.
  2568 | D:3      | Noticed Jessica
  2577 | D:3      | Killed Jessica
  2933 | D:3      | Noticed Terence
  3208 | D:3      | Killed Terence
  3209 | D:3      | Reached XP level 7. HP: 39/46 MP: 7/7
  3434 | D:3      | Found a shimmering blue altar of Sif Muna.
  3673 | D:4      | Noticed a two-headed ogre
  3774 | D:4      | Killed a two-headed ogre
  3775 | D:4      | Reached skill level 5 in Short Blades
  3775 | D:4      | Reached skill level 5 in Dodging
  3775 | D:4      | Reached XP level 8. HP: 54/54 MP: 8/8
  4628 | D:4      | Found a staircase to the Ecumenical Temple.
  4642 | Temple   | Entered the Ecumenical Temple
  4704 | Temple   | Became a worshipper of Uskayaw the Reveller
  4821 | D:5      | Entered Level 5 of the Dungeon
  4852 | D:5      | Reached * piety under Uskayaw
  4960 | D:5      | Found an ancient bone altar of Kikubaaqudgha.
  4961 | D:5      | Found a burning altar of Makhleb.
  4962 | D:5      | Found a bloodstained altar of Trog.
  4963 | D:5      | Found a shadowy altar of Dithmenos.
  5001 | D:5      | Reached ** piety under Uskayaw
  5227 | D:5      | Identified the +2 ring mail of Lugonu's Hatred {rC+ Slay+3}
  6145 | D:6      | Found a sand-covered staircase.
  6249 | Ossuary  | Entered an ossuary
  6614 | Ossuary  | Reached *** piety under Uskayaw
  7186 | D:6      | Reached XP level 9. HP: 59/59 MP: 9/9
  7233 | D:6      | Noticed Prince Ribbit
  7239 | D:6      | Killed Prince Ribbit
  7240 | D:6      | Reached skill level 9 in Stealth
  7240 | D:6      | Reached skill level 1 in Invocations
  7359 | D:6      | Noticed Grinder
  7362 | D:6      | Paralysed by Grinder for 3 turns
  7372 | D:6      | Killed Grinder
  7756 | D:6      | Noticed Eustachio
  9001 | D:7      | Found an ornate altar of the Wu Jian Council.
  9141 | D:8      | Reached skill level 10 in Stealth
  9256 | D:8      | Reached skill level 5 in Fighting
  9256 | D:8      | Reached skill level 1 in Shields
  9651 | D:8      | Found a basalt altar of Yredelemnul.
 10088 | D:8      | Found a white marble altar of Elyvilon.
 10132 | D:8      | Reached XP level 10. HP: 66/66 MP: 12/12
 10907 | D:9      | Found a staircase to the Orcish Mines.
 11278 | D:10     | Entered Level 10 of the Dungeon
 11309 | D:9      | HP: 3/66 [troll (12)]
 11310 | D:9      | Demolished by a troll

Illustrated notes

Levels and vault maps discovered:
D:1:      erik_arrival_cave_to_civilisation [erik_arrival_cave_to_hall],
          layout_loops_ring
D:2:      layout_loops_ring, chequers_ecumenical_altar_grove,
          chequers_serial_rivers_small_3, uniq_sigmund, uniq_robin
D:3:      layout_basic, lemuel_blue_sif_altar, uniq_terence, uniq_jessica
D:4:      layout_basic, temple_hall, kennysheep_small_spiral
D:5:      layout_basic, chequers_temple_overflow_statue_of_worship,
          chequers_serial_rivers_small_b, corexii_hall_statues_s
D:6:      layout_layer_cave, gup_ossuary_entry_pyramid, nicolae_benzene_ring,
          uniq_prince_ribbit1, uniq_eustachio, uniq_grinder
D:7:      layout_cave_pools, kennysheep_mini, serial_column_ruins,
          column_ruins_hut_water, column_ruins_open_medium,
          column_ruins_columns_water, column_ruins_open_medium_water,
          column_ruins_columns_T, column_ruins_columns_plus,
          column_ruins_grid_4, chequers_big_river
D:8:      layout_gridville, kennysheep_ying_yang
D:9:      layout_irregular_city, orc_0_dummy
D:10:     layout_roguey [special_room_bee], erik_lair_orcish_takeover,
          grunt_decor_junction
Temple:   eino_temple_lava

Skill      XL: |  1  2  3  4  5  6  7  8  9 10 |
---------------+-------------------------------+-----
Stealth        | 6 8 10 | 10.0
Dodging        | 2 3 5 6 7 |  7.2
Short Blades   | 3 5 7 8 |  8.7
Fighting       | 3 4 5 |  5.4
Invocations    | 3 4 |  4.4
Shields        | 1 |  1.4
Throwing       | |  2.4

Action                   |  1- 3 |  4- 6 |  7- 9 | 10-12 || total
-------------------------+-------+-------+-------+-------++-------
Melee: Dagger            |    35 |   117 |    70 |       ||   222
       Constrict         |     7 |    28 |    85 |     6 ||   126
       Tentacles         |     4 |    13 |    90 |    16 ||   123
       Short sword       |       |       |   323 |    65 ||   388
Throw: Dart              |       |     3 |    32 |     1 ||    36
  Use: Scroll            |       |       |    16 |     5 ||    21
       Potion            |       |       |     1 |       ||     1
 Stab: Sleeping          |    10 |     8 |    42 |     5 ||    65
       Paralysed         |       |       |     4 |     2 ||     6
       Distracted        |       |       |     2 |       ||     2
Armor: Skin              |     1 |    10 |    12 |    15 ||    38
Dodge: Dodged            |    17 |    62 |   128 |    37 ||   244
Block: Other             |       |       |    32 |     9 ||    41
       Reflection        |       |       |     1 |     2 ||     3

Table legend: (Time is in decaauts)
 A = Elapsed time spent in this place.
 B = Non-inter-level travel time spent in this place.
 C = Inter-level travel time spent in this place.
 D = Time resting spent in this place.
 E = Time spent auto-exploring this place.
 F = Levels seen in this place.
 G = Mean time per level.
                   A        B        C        D        E       F      G
               +--------+--------+--------+--------+--------+-----+--------+
         Total |  11067 |  10554 |    513 |   2814 |   4664 |  12 |  922.2 |
       Dungeon |  10203 |   9698 |    505 |   2474 |   4532 |  10 | 1020.3 |
        Temple |     71 |     63 |      8 |      0 |     56 |   1 |   71.0 |
       Ossuary |    792 |    792 |      0 |    340 |     76 |   1 |  792.0 |
               +--------+--------+--------+--------+--------+-----+--------+

Top non-repeatable levels by time:
     D:1: 1345 daAuts
     D:3: 1301 daAuts
     D:2: 1265 daAuts
     D:6: 1260 daAuts
     D:8: 1251 daAuts
     D:5: 1189 daAuts
     D:9: 900 daAuts
     D:7: 856 daAuts
     D:4: 806 daAuts
 Ossuary: 792 daAuts
  Temple: 71 daAuts
    D:10: 25 daAuts
